 Dungeon Crawl Stone Soup version 0.30-a0-241-g1121274140 (webtiles) character file.

Game seed: 15453928796350637409

105 NinjaNoafa the Trooper (level 4, -5/41 HPs)
             Began as a Gnoll Wanderer on Oct 10, 2022.
             Was an Initiate of Ashenzari.
             Killed by divine providence
             ... invoked by an orc priest
              (11 damage)
             ... on level 3 of the Dungeon.
             The game lasted 00:06:52 (2552 turns).

NinjaNoafa the Trooper (Gnoll Wanderer)             Turns: 2552, Time: 00:06:53

Health: -5/41      AC:  4    Str: 12 (14) XL:     4   Next: 81%
Magic:  7/8        EV: 11    Int: 13 (14) God:    Ashenzari [......]
Gold:   176        SH:  0    Dex:  7 (8)  Spells: 8/9 levels left

rFire   + . .      SeeInvis .    a - +2 hand axe
rCold   + . .      Faith    .    (no shield)
rNeg    . . .      Spirit   .    c - +0 leather armour
rPois   .          Reflect  .    (helmet restricted)
rElec   .          Harm     .    o - +0 cloak
rCorr   .          Rampage  .    (no gloves)
Will    +....                    m - +0 pair of boots
Stlth   ++........               (no amulet)
HPRegen 0.26/turn                (no ring)
MPRegen 0.11/turn                (no ring)

@: no status effects
A: fangs 1, strong nose, distributed training, antennae 1, cold resistance 1,
deformed body, fire resistance 1, strong-willed 1
a: Renounce Religion


You were on level 3 of the Dungeon.
You worshipped Ashenzari.
Ashenzari was noncommittal.
You visited 1 branch of the dungeon, and saw 3 of its levels.

You collected 176 gold pieces.

Inventory:

Hand Weapons
 a - a +2 hand axe (weapon)
Missiles
 f - 48 stones
 n - 5 javelins (quivered)
Armour
 c - a +0 leather armour (worn)
 m - a +0 pair of boots (worn)
 o - a +0 cloak (worn)
Scrolls
 i - 3 scrolls of identify {unknown}
 j - a scroll of enchant armour {unknown}
 l - a scroll of poison {unknown}
 p - 3 scrolls of immolation {unknown}
 q - a scroll of magic mapping {unknown}
Potions
 g - a potion of haste
 k - a potion of mutation


   Skills:
 + Level 6.6 Fighting
 + Level 1.3 Short Blades
 + Level 1.3 Long Blades
 + Level 2.8 Axes
 + Level 1.3 Maces & Flails
 + Level 1.3 Polearms
 + Level 1.3 Staves
 + Level 1.3 Ranged Weapons
 + Level 1.3 Throwing
 + Level 2.8 Armour
 + Level 1.3 Dodging
 + Level 2.6 Stealth
 + Level 1.3 Shields
 + Level 1.3 Unarmed Combat
 + Level 3.1 Spellcasting
 + Level 1.0 Conjurations
 + Level 1.0 Hexes
 + Level 3.9 Summonings
 + Level 1.0 Necromancy
 + Level 1.0 Translocations
 + Level 1.0 Transmutations
 + Level 1.0 Fire Magic
 + Level 1.0 Ice Magic
 + Level 1.0 Air Magic
 + Level 1.0 Earth Magic
 + Level 1.0 Poison Magic
 + Level 3.0 Invocations
 + Level 1.3 Evocations


You had 8 spell levels left.
You knew the following spells:

 Your Spells              Type           Power      Damage    Failure   Level
a - Summon Small Mammal   Summ           48%        N/A       6%          1

Your spell library contained the following spells:

 Spells                   Type           Power      Damage    Failure   Level
 Call Imp                 Summ           12%        N/A       9%          2
 Sublimation of Blood     Necr           4%         N/A       28%         2
 Summon Guardian Golem    Hex/Summ       8%         N/A       30%         3
 Petrify                  Tmut/Erth      4%         N/A       88%         4
 Irradiate                Conj/Tmut      2%         3d12      99%         5


Dungeon Overview and Level Annotations

Branches:
Dungeon (3/15)

Altars:
Ashenzari

Portals:
Sewer: D:3


Innate Abilities, Weirdness & Mutations

You have very sharp teeth.
Your uncanny sense of smell can sniff out nearby items.
Your experience applies equally to all skills.
You have a pair of small antennae on your head.
Your flesh is cold resistant. (rC+)
Armour fits poorly on your strangely shaped body.
Your flesh is heat resistant. (rF+)
You are strong-willed. (Will+)


Message History

The orc closely misses you. The orc attacks as you move away!
The orc closely misses you.
The frilled lizard bites your quokka but does no damage.
Something closely misses your quokka. The river rat misses your quokka.
The orc attacks as you move away! The orc barely misses you.
The orc barely misses your quokka.
Your quokka barely misses the orc.
The orc barely misses you.
The orc priest hits you but does no damage.
Something hits your quokka.
Your quokka dies!
Your quokka's corpse disappears in a puff of smoke!
You hear a shout!
You barely miss the orc priest. Your punch misses the orc priest.
You hit the orc but do no damage. x2; The orc hits you with a +0 hand axe.
The orc hits you with a +0 whip. The orc priest closely misses you.
The orc hits you with a +0 hand axe.
* * * LOW HITPOINT WARNING * * *
Unknown command.
Casting: Summon Small Mammal (safe; 6% risk of failure)
Confirm with . or Enter, or press ? or * to list all spells.
The orc hits you with a +0 whip.
* * * LOW HITPOINT WARNING * * *
The orc priest hits you with a +0 short sword.
* * * LOW HITPOINT WARNING * * *
The orc hits you with a +0 hand axe.
* * * LOW HITPOINT WARNING * * *
Unknown command.
Blink to where?
Press: ? - help, Dir - move target
As you read the scroll of blinking, it crumbles to dust.
The frilled lizard barely misses your rat.
The orc priest hits your rat with a +0 short sword.
Your rat bites the orc priest.
As you read the scroll labelled BAIR LEEMYEX, it crumbles to dust.
It is a scroll of enchant weapon.
Your +1 hand axe glows red for a moment.
The frilled lizard closely misses your rat.
The orc priest mumbles some strange prayers to Beogh against you.
Beogh smites you!
You die...

#.........### .?.............#
.(.........# ..
..~~~.....###.#######
.~~~~~....##.. #....#
.~~∩~~....##.# #....#
.~~~~~....##.###....###
..~~~..†.Sl..##.......####
.......o.ror....@...#)...#####
........#o§o####....####.....####
############# #....# #####.....
###### #####. ###. ###... #.....
######


You could see an orc priest (ally target), an adder, a river rat, 2 orcs, a
frilled lizard and a friendly rat (summoned).

Vanquished Creatures
  4 adders
  2 orcs (D:3)
  4 ball pythons
  4 bats
  3 endoplasms
  5 giant cockroaches
  A goblin (D:2)
  10 hobgoblins
  A quokka (D:3)
  2 kobolds
  5 rats
41 creatures vanquished.

Vanquished Creatures (collateral kills)
  An orc (D:3)
  A giant cockroach (D:3)
  2 goblins (D:3)
  A hobgoblin (D:2)
  A quokka (D:1)
  5 ball pythons
  3 bats
  3 frilled lizards
  2 kobolds (D:1)
19 creatures vanquished.

Grand Total: 60 creatures vanquished

Notes
Turn   | Place    | Note
-------+----------+-------------------------------------------
     0 | D:1      | NinjaNoafa the Gnoll Wanderer began the quest for the Orb.
     0 | D:1      | NinjaNoafa set off with the following items: a +1 hand axe,
                  | a scroll of blinking, a +0 leather armour; and the
                  | following spell memorised: Summon Small Mammal; and the
                  | following spells available to memorise: Call Imp, Summon
                  | Guardian Golem.
     0 | D:1      | Reached XP level 1. HP: 23/23 MP: 4/4
   305 | D:1      | Reached XP level 2. HP: 28/29 MP: 1/5
  1222 | D:2      | Reached XP level 3. HP: 22/35 MP: 1/7
  1310 | D:2      | Gained mutation: You occasionally lose the ability to drink
                  | potions when taking damage. [potion of mutation]
  1310 | D:2      | Gained mutation: You sometimes lose your temper in combat.
                  | [potion of mutation]
  1310 | D:2      | Gained mutation: You are agile. (Dex +4, Str/Int -1)
                  | [potion of mutation]
  1333 | D:2      | Lost mutation: You occasionally lose the ability to drink
                  | potions when taking damage. [potion of mutation]
  1333 | D:2      | Lost mutation: You are agile. (Dex +4, Str/Int -1) [potion
                  | of mutation]
  1333 | D:2      | Gained mutation: You have a somewhat thin skeletal
                  | structure. (Dex +2, Stealth+) [potion of mutation]
  1333 | D:2      | Gained mutation: You have a pair of small antennae on your
                  | head. [potion of mutation]
  1725 | D:2      | Reached skill level 1 in Short Blades
  1725 | D:2      | Reached skill level 1 in Long Blades
  1725 | D:2      | Reached skill level 1 in Maces & Flails
  1725 | D:2      | Reached skill level 1 in Polearms
  1725 | D:2      | Reached skill level 1 in Staves
  1725 | D:2      | Reached skill level 1 in Ranged Weapons
  1725 | D:2      | Reached skill level 1 in Throwing
  1725 | D:2      | Reached skill level 1 in Dodging
  1725 | D:2      | Reached skill level 1 in Shields
  1725 | D:2      | Reached skill level 1 in Unarmed Combat
  1725 | D:2      | Reached skill level 1 in Evocations
  1922 | D:2      | Lost mutation: You have a somewhat thin skeletal structure.
                  | (Dex +2, Stealth+) [potion of mutation]
  1922 | D:2      | Lost mutation: You sometimes lose your temper in combat.
                  | [potion of mutation]
  1922 | D:2      | Gained mutation: You are strong-willed. (Will+) [potion of
                  | mutation]
  1922 | D:2      | Gained mutation: Your flesh is heat resistant. (rF+)
                  | [potion of mutation]
  1922 | D:2      | Gained mutation: Armour fits poorly on your strangely
                  | shaped body. [potion of mutation]
  1922 | D:2      | Gained mutation: Your flesh is cold resistant. (rC+)
                  | [potion of mutation]
  2072 | D:3      | Found a broken altar of Ashenzari.
  2095 | D:3      | Became a worshipper of Ashenzari the Shackled
  2191 | D:3      | Reached XP level 4. HP: 41/41 MP: 5/8
  2394 | D:3      | Reached skill level 1 in Conjurations
  2394 | D:3      | Reached skill level 1 in Hexes
  2394 | D:3      | Reached skill level 1 in Necromancy
  2394 | D:3      | Reached skill level 1 in Translocations
  2394 | D:3      | Reached skill level 1 in Transmutations
  2394 | D:3      | Reached skill level 1 in Fire Magic
  2394 | D:3      | Reached skill level 1 in Ice Magic
  2394 | D:3      | Reached skill level 1 in Air Magic
  2394 | D:3      | Reached skill level 1 in Earth Magic
  2394 | D:3      | Reached skill level 1 in Poison Magic
  2519 | D:3      | Found a glowing drain.
  2552 | D:3      | Killed from afar by an orc priest

Illustrated notes

Levels and vault maps discovered:
D:1:      scummos_arrival_forest, layout_loops_ring, chequers_garden
D:2:      layout_basic, minmay_misc_feat_columns, kennysheep_crisscross,
          minmay_puff
D:3:      layout_rooms, marbit_many_paths, portal_sewer_entry_a

Skill      XL: |  1  2  3  4 |
---------------+-------------+-----
Short Blades   | 1 |  1.3
Long Blades    | 1 |  1.3
Maces & Flails | 1 |  1.3
Polearms       | 1 |  1.3
Staves         | 1 |  1.3
Ranged Weapons | 1 |  1.3
Throwing       | 1 |  1.3
Dodging        | 1 |  1.3
Shields        | 1 |  1.3
Unarmed Combat | 1 |  1.3
Evocations     | 1 |  1.3
Spellcasting   | 3 |  3.1
Conjurations   | 1 |  1.0
Hexes          | 1 |  1.0
Necromancy     | 1 |  1.0
Translocations | 1 |  1.0
Transmutations | 1 |  1.0
Fire Magic     | 1 |  1.0
Ice Magic      | 1 |  1.0
Air Magic      | 1 |  1.0
Earth Magic    | 1 |  1.0
Poison Magic   | 1 |  1.0
Invocations    | 3 |  3.0
Fighting       | |  6.6
Axes           | |  2.8
Armour         | |  2.8
Stealth        | |  2.6
Summonings     | |  3.9

Action                   |  1- 3 |  4- 6 || total
-------------------------+-------+-------++-------
Melee: Hand axe          |    78 |    31 ||   109
       Bite              |     6 |     4 ||    10
       Punch             |       |     1 ||     1
Throw: Javelin           |       |    16 ||    16
 Cast: Summon Small Mamm |    54 |     9 ||    63
  Use: Potion            |     5 |     2 ||     7
       Scroll            |       |     2 ||     2
Armor: Leather armour    |    54 |    26 ||    80
Dodge: Dodged            |    94 |    52 ||   146

Table legend: (Time is in decaauts)
 A = Elapsed time spent in this place.
 B = Non-inter-level travel time spent in this place.
 C = Inter-level travel time spent in this place.
 D = Time resting spent in this place.
 E = Time spent auto-exploring this place.
 F = Levels seen in this place.
 G = Mean time per level.
                   A        B        C        D        E       F      G
               +--------+--------+--------+--------+--------+-----+--------+
         Total |   2558 |   2508 |     50 |      0 |   1877 |   3 |  852.7 |
       Dungeon |   2558 |   2508 |     50 |      0 |   1877 |   3 |  852.7 |
               +--------+--------+--------+--------+--------+-----+--------+

Top non-repeatable levels by time:
     D:2: 1034 daAuts
     D:1: 911 daAuts
     D:3: 612 daAuts
